 Dungeon Crawl Stone Soup version 0.20-a0-1026-gc3ddcbd (webtiles) character file.

973710 4thArraOfDagon the Evocator (level 27, -24/231 HPs)
             Began as a Barachi Fire Elementalist on Apr 19, 2017.
             Was the Champion of Vehumet.
             Killed from afar by a war gargoyle (36 damage)
             ... with a spray of metal splinters
             ... on level 7 of the Iron City of Dis on Apr 20, 2017.
             The game lasted 05:38:17 (29952 turns).

4thArraOfDagon the Evocator (BaFE)                 Turns: 29952, Time: 05:38:18

Health: -24/231    AC:  8    Str: 12    XL:     27
Magic:  32/48      EV: 14    Int: 47    God:    Vehumet [******]
Gold:   2625       SH:  0    Dex: 12    Spells: 2/68 levels left

rFire    + . .     SeeInvis +   B - staff of energy {!a}
rCold    . . .     Gourm    .   u - +10 large shield "Putzymm" {rElec Str+2 Int+3}
rNeg     + + +     Faith    .   T - +2 troll leather armour
rPois    ∞         Spirit   .   g - -1 hat of the Desert {Int+4}
rElec    +         Reflect  .   Y - scarf {repulsion}
rCorr    .         Harm     .   m - +2 pair of gloves
MR       +++++                  L - +0 pair of boots of Chill Winds {Int+4 SInv}
Stlth    +++.......             K - amulet "Siupter" {MR+ Regen+ Stlth+}
Regen    1.3/turn               X - ring of Guibor {MR+ Int+5}
MPRegen  0.4/turn               Z - ring "Exkanaul" {Fire Str+2 Int+4}

@: confused, lich-form, corroded, repel missiles, slow
A: +LOS, swims, clumsy 1, magic resistance 1, robust 1, slowness 1, weak 1,
strong legs 2
}: 12/15 runes: decaying, slimy, silver, golden, icy, abyssal, demonic, glowing,
magical, fiery, dark, gossamer
a: Hop, End Transformation, Renounce Religion


You were on level 7 of the Iron City of Dis.
You worshipped Vehumet.
Vehumet was exalted by your worship.
You were not hungry.
You were a lich.
You visited 14 branches of the dungeon, and saw 68 of its levels.
You visited Pandemonium 2 times, and saw 19 of its levels.
You visited the Abyss 1 time.
You visited 1 bazaar.
You visited 1 ziggurat, and saw 12 of its levels.

You collected 4356 gold pieces.
You spent 1731 gold pieces at shops.

Inventory:

Hand Weapons
 E - the +11 whip of Discord {pain, Str-5 Int+8}
   (You found it on level 7 of the Dungeon)

   In the hands of one skilled in necromantic magic, it inflicts extra damage on
   living creatures.
   It affects your strength (-5).
   It affects your intelligence (+8).
 O - the +5 rapier "Iloselua" {venom, +Rage rElec rC+}
   (You found it on level 11 of the Dungeon)

   It poisons the flesh of those it strikes.
   It protects you from cold.
   It insulates you from electricity.
   It lets you go berserk.
Missiles
 y - a throwing net (quivered)
Armour
 g - the -1 hat of the Desert (worn) {Int+4}
   (You acquired it on level 5 of the Vaults)

   It affects your intelligence (+4).
 m - a +2 pair of gloves (worn)
 r - the +1 pair of boots of the Journeyman {+Blink rCorr Stlth+}
   (You acquired it on level 1 of the Abyss)

   It lets you blink.
   It protects you from acid and corrosion.
   It makes you more stealthy.
 u - the +10 large shield "Putzymm" (worn) {rElec Str+2 Int+3}
   (You took it off Louise on level 4 of the Spider Nest)

   It affects your strength (+2).
   It affects your intelligence (+3).
   It insulates you from electricity.
 G - the +1 robe of the Special Souls {rElec rC+ MR+ Slay+2}
   (You found it on level 4 of the Swamp)

   It affects your accuracy and damage with ranged weapons and melee attacks
   (+2).
   It protects you from cold.
   It insulates you from electricity.
   It affects your resistance to hostile enchantments.
 L - the +0 pair of boots of Chill Winds (worn) {Int+4 SInv}
   (You found it on level 3 of the Tomb of the Ancients)

   It affects your intelligence (+4).
   It lets you see invisible.
 T - a +2 troll leather armour (worn)
 Y - a scarf of repulsion (worn)
Magical Staves
 B - an uncursed staff of energy (weapon) {!a}
 V - an uncursed staff of power {!a}
Jewellery
 a - the amulet "Sakhliump" {RegenMP rPois}
   (You bought it in a shop on level 2 of the Orcish Mines)

   [amulet of magic regeneration]

   It increases your magic regeneration.
   It protects you from poison.
 k - an uncursed ring of ice
 x - an uncursed ring of resist corrosion
 A - the ring "Bedarom" {rPois rF+ Int+4 Dex+2}
   (You found it on level 3 of a ziggurat)

   [ring of poison resistance]

   It affects your intelligence (+4).
   It affects your dexterity (+2).
   It protects you from fire.
   It protects you from poison.
 D - the ring of Xom's Generosity {Wiz MP-9 Int+5}
   (You found it on level 3 of the Tomb of the Ancients)

   [ring of wizardry]

   It improves your spell success rate.
   It affects your intelligence (+5).
   It affects your magic capacity (-9).
 F - the amulet of the Four Winds {rN+ MR+++ Clar}
   (You found it on level 9 of the Dungeon)

   [amulet of nothing]

   It protects you from negative energy.
   It affects your resistance to hostile enchantments.
   It protects you against confusion.
 K - the amulet "Siupter" (around neck) {MR+ Regen+ Stlth+}
   (You found it on level 3 of the Crypt)

   [amulet of regeneration]

   It affects your resistance to hostile enchantments.
   It increases your rate of regeneration.
   It makes you more stealthy.
 X - the ring of Guibor (left hand) {MR+ Int+5}
   (You found it on level 6 of the Lair of Beasts)

   [ring of protection from magic]

   It affects your intelligence (+5).
   It affects your resistance to hostile enchantments.
 Z - the ring "Exkanaul" (right hand) {Fire Str+2 Int+4}
   (You found it on level 15 of the Dungeon)

   [ring of fire]

   It enhances your fire magic.
   It affects your strength (+2).
   It affects your intelligence (+4).
   It protects you from fire.
   It makes you vulnerable to cold.
Wands
 J - a wand of digging (13/24)
 U - a wand of iceblast (12/15)
Scrolls
 b - 2 scrolls of blinking
 d - 9 scrolls of recharging
 h - 6 scrolls of amnesia
 i - 3 scrolls of summoning
 l - 12 scrolls of teleportation
 o - 7 scrolls of magic mapping
 q - 12 scrolls of remove curse
 v - 2 scrolls of fear
 z - 3 scrolls of holy word
 N - 7 scrolls of fog
 R - 5 scrolls of immolation
Potions
 e - 2 potions of cancellation
 f - 9 potions of curing
 j - 2 potions of haste
 n - 6 potions of agility
 p - 3 potions of ambrosia
 s - 2 potions of resistance
 C - 2 potions of brilliance
 H - 9 potions of flight
 M - 5 potions of heal wounds
 W - 4 potions of mutation
Miscellaneous
 w - a phial of floods
 I - a fan of gales
 P - a crystal ball of energy
 Q - a lightning rod (4/4)
 S - a figurine of a ziggurat
Comestibles
 c - 23 bread rations
 t - 6 meat rations


   Skills:
 + Level 15.9 Fighting
 - Level 4.9 Armour
 - Level 8.1 Dodging
 * Level 12.2 Stealth
 - Level 20.0 Shields
 - Level 21.2 Spellcasting
 - Level 20.8 Conjurations
 - Level 13.1 Charms
 - Level 15.3 Necromancy
 - Level 1.0 Translocations
 - Level 16.1 Transmutations
 - Level 20.3 Fire Magic
 * Level 21.3 Evocations


You had 2 spell levels left.
You knew the following spells:

 Your Spells              Type           Power        Failure   Level  Hunger
a - Necromutation         Tmut/Necr      ########..   9%          8    N/A
b - Borgnjor's Revivific  Necr           ########..   10%         8    N/A
c - Sticky Flame          Conj/Fire      ########     0%          4    N/A
d - Fireball              Conj/Fire      #########.   0%          5    N/A
e - Swiftness             Chrm/Air       #######.     1%          2    N/A
f - Blink                 Tloc           N/A          1%          2    N/A
g - Passage of Golubria   Tloc           N/A          5%          4    N/A
h - Orb of Destruction    Conj           ########..   1%          7    N/A
i - Bolt of Fire          Conj/Fire      #########.   1%          6    N/A
j - Fire Storm            Conj/Fire      #########.   4%          9    N/A
k - Apportation           Tloc           ######       1%          1    N/A
l - Passwall              Tmut/Erth      #######...   1%          2    N/A
m - Death's Door          Chrm/Necr      ########..   16%         8    N/A

Dungeon Overview and Level Annotations

Branches:
Dungeon (15/15)            Temple (1/1) D:5            Lair (6/6) D:10
  Swamp (4/4) Lair:2       Spider (4/4) Lair:2        Slime (5/5) Lair:5
    Orc (2/2) D:12            Elf (0/3) Orc:2        Vaults (5/5) D:13
  Crypt (3/3) Vaults:2       Tomb (3/3) Crypt:3      Depths (5/5) D:15
   Hell (1/1)                 Dis (7/7) Hell            Geh (0/7) Hell
    Coc (7/7) Hell            Tar (0/7) Hell
    Zot: Depths:5

Altars:
Ashenzari
Cheibriados
Dithmenos
Elyvilon
Fedhas
Gozag
Hepliaklqana
Kikubaaqudgha
Makhleb
Nemelex Xobeh
Qazlal
Ru
Sif Muna
Trog
Uskayaw
Vehumet
Wu Jian
Xom
Yredelemnul
Zin
The Shining One
Beogh
Lugonu

Shops:
D:4 [   D:7 (   D:10 !   D:12 [   Orc:1 :   Orc:2 =%==   Vaults:4 *
Depths:2 }==   Depths:4 (

Portals:
Hell: Depths:1 Depths:2 Depths:4
Abyss: Depths:4
Pandemonium: Depths:4

Annotations:
Orc:2 1 runed door, exclusion: 2 orange crystal statues
Tomb:1 exclusion: obsidian statue
Tomb:2 Frederick, Jorgrun, Jory


Innate Abilities, Weirdness & Mutations

Shadows flee at your approach. (+LOS)
You can swim through water.
You cover ground slowly.
You can hop longer distances.
You are clumsy. (Dex -2)
You are resistant to hostile enchantments. (MR+)
You are robust. (+10% HP)
You are weak. (Str -2)


Message History

The rust devil hits you.
* * * LOW HITPOINT WARNING * * *
The rust devil corrodes you!
The skeletal warrior closely misses you.
The war gargoyle hits you with a morningstar of crushing!
* * * LOW HITPOINT WARNING * * *
x2 Unknown command.
Unknown command.
Unknown command.
The war gargoyle launches metal splinters at you.
The spray of metal splinters hits you!
* * * LOW HITPOINT WARNING * * *
The rust devil closely misses you.
The skeletal warrior hits you from afar with a trident!
* * * LOW HITPOINT WARNING * * *
In your confused state, you trip and fall back through the gate.
* * * LOW HITPOINT WARNING * * *
The war gargoyle launches metal splinters at you.
The spray of metal splinters hits you!
You die...

*,,,,,,*****,,,,,,,,*,,,,
*,,,,,,,,*,,,,,,,,,,*,,,,
*,,,,,,,***,,,,,,,,,+,,,,
**,,,,,,,*,,,,,,,,,,*,,,,
**,,,,,,***,,,,,,,,,*,,,,
#..,,,,,,*,,,,,,*,,,**+**
#..,*,*,,*,,*,*,*,,,,,,,*
#..#######****###**,,,,,+
#...#.#.L#,,*.#)#,,,,,,,*
#...)..49#,,,...#,,,,,,,*
##...)z.##*,4)...,,,,,,,,
##.....5.#,....v.,,,,,,,,
#...)...###......,,,,,,,,
#∩.......#.......,,,,,,,,
#................,,,,,,,,
##.∩.##)....##..,**,,,**,
############************


You could see a skeletal warrior, a war gargoyle, a rust devil and an iron imp.

Vanquished Creatures
  Antaeus (Coc:7)
  the Royal Jelly (Slime:5)
  Gloorx Vloq (Pan)
  the Serpent of Hell (Coc:7)
  Mnoleg (Pan)
  3 ancient liches
  Mennas (Pan)
  Sojobo (Depths:4)
  7 greater mummies (Tomb:3)
  Saint Roka (Orc:2)
  17 shard shrikes
  A caustic shrike (Depths:4)
  5 pandemonium lords
  A Killer Klown (Zig:9)
  Geryon (Hell)
  2 golden dragons (Vaults:5)
  Arachne (Spider:4)
  3 bone dragons
  4 Tzitzimimeh
  2 Brimstone Fiends (Pan)
  6 liches
  A hellephant (Abyss:4)
  8 tentacled monstrosities
  12 Ice Fiends
  A Hell Sentinel (Pan)
  3 titans
  Asterion (Vaults:1)
  A quicksilver dragon (Vaults:5)
  2 eldritch tentacles
  20 acid blobs
  5 tentacled starspawn (Abyss:1)
  3 ancient champions
  24 Executioners (Pan)
  A shadow dragon (shapeshifter) (Zig:9)
  3 thorn hunters (Swamp:4)
  6 sphinxes
  Donald (Crypt:1)
  4 storm dragons
  7 tengu reavers
  16 azure jellies
  A shadow dragon (Vaults:5)
  2 revenants
  7 nagarajas
  4 iron dragons
  11 frost giants
  10 fire giants
  An azure jelly (shapeshifter) (Zig:9)
  2 daevas (Zig:6)
  3 deep elf sorcerers
  6 emperor scorpions
  13 vault wardens
  3 ghost moths (Spider:4)
  12 cacodemons (Pan)
  9 balrugs
  Louise (Spider:4)
  3 curse skulls
  An orc warlord (Zig:4)
  5 spriggan defenders
  2 draconian shifters (Abyss:4)
  A draconian annihilator (Pan)
  4 warmongers (Pan)
  An angel (Zig:6)
  A deep elf elementalist (Vaults:5)
  8 ironheart preservers
  5 elemental wellsprings
  3 blood saints (Pan)
  15 stone giants
  13 reapers
  The ghost of Kite the Executioner, a journeyman MiBe of Trog (Lair:6)
  10 war gargoyles
  19 very ugly things
  2 apis (Zig:6)
  9 entropy weavers
  2 vampire knights
  A black sun (Pan)
  2 bennus (Tomb:3)
  A juggernaut skeleton (Zig:7)
  A green draconian (Zig:2)
  2 deep elf annihilators
  2 corrupters (Pan)
  A white draconian (Zig:2)
  4 deep elf demonologists
  14 dire elephants
  2 lorocyprocas (Pan)
  2 eidola (Crypt:2)
  The ghost of kuniqs the Pandemonic, a journeyman DDFi of Makhleb (Orc:2)
  4 spark wasps
  4 crystal guardians
  8 ettins
  10 fire dragons
  5 green deaths
  21 mummy priests
  3 deep elf death magi
  8 blizzard demons
  2 deep elf high priests (Vaults:5)
  8 death oozes (Slime:5)
  2 kraken zombies
  22 ice dragons
  3 quicksilver dragon zombies
  The ghost of nht the Martial Artist, a journeyman OpAs of Ru (Lair:2)
  5 jiangshi
  16 ogre magi
  13 great orbs of eyes
  27 vault guards
  4 monstrous demonspawn (Pan)
  3 hell beasts (Pan)
  4 rakshasas
  11 yaktaur captains
  18 hydras
  A naga warrior (Zig:11)
  Fannar (Lair:3)
  3 quicksilver dragon skeletons
  2 anacondas
  2 spriggan air magi
  An anaconda (shapeshifter) (Depths:4)
  A ghost crab (Swamp:2)
  6 alligators
  5 centaur warriors
  5 dancing weapons (Crypt:3)
  29 two-headed ogres
  13 deep troll shamans
  5 tengu warriors
  2 death knights (Vaults:4)
  A queen ant (D:13)
  An alligator (shapeshifter) (Depths:2)
  4 hell hogs (Hell)
  4 vampire magi
  52 death scarabs
  4 thrashing horrors
  A spriggan berserker (Depths:2)
  8 deep troll earth magi
  2 iron golems (Hell)
  5 storm dragon zombies
  2 naga sharpshooters (Zig:10)
  7 orc high priests
  2 titan zombies
  5 shock serpents
  Sonja (Orc:2)
  18 soul eaters
  6 deep elf knights
  2 titan skeletons
  6 hell knights (Crypt:3)
  16 sun demons
  5 iron trolls
  2 spatial maelstroms
  2 storm dragon skeletons
  4 wretched stars
  3 unseen horrors
  45 skeletal warriors
  3 anaconda zombies
  A cherub (Zig:6)
  4 sixfirhies
  2 ghost moth zombies (Coc:7)
  4 golden dragon zombies
  7 wizards
  9 shadow wraiths
  6 glowing orange brains
  3 flayed ghosts
  4 gelid demonspawn (Pan)
  28 deep trolls
  A deep troll (shapeshifter) (Vaults:5)
  2 naga ritualists
  10 swamp dragons (Swamp:4)
  7 shadow demons
  4 infernal demonspawn (Pan)
  6 deep elf archers
  4 torturous demonspawn (Pan)
  12 ironbrand convokers
  15 orc knights
  11 harpies
  2 phantasmal warriors
  19 large abominations
  11 necromancers
  15 orb spiders
  A harpy (shapeshifter) (Vaults:1)
  A shambling mangrove (Swamp:4)
  11 deep elf magi
  3 anaconda skeletons
  7 oklob plants
  A wolf spider zombie (Tomb:1)
  38 ugly things
  4 shadow dragon zombies
  4 frost giant zombies
  2 mana vipers
  4 orc sorcerers (Orc:2)
  31 wolf spiders
  6 shining eyes
  2 shadow dragon skeletons
  A moth of wrath (Spider:2)
  2 salamanders
  A stone giant skeleton (Tomb:1)
  A faun (shapeshifter) (Zig:9)
  A worldbinder (Abyss:4)
  A fire giant zombie (Abyss:1)
  3 stone giant zombies
  Maurice (Orc:2)
  A fire giant skeleton (Hell)
  3 apocalypse crabs
  15 elephants
  12 rust devils
  7 cyclopes
  An iron dragon skeleton (Coc:4)
  2 naga magi
  A dire elephant zombie (Tomb:3)
  An ice statue (Hell)
  An eye of devastation (Slime:1)
  10 vault sentinels
  7 smoke demons
  7 frost giant skeletons
  11 black mambas
  A guardian serpent (shapeshifter) (Vaults:5)
  A spiny frog (shapeshifter) (Vaults:4)
  8 spiny frogs
  12 orange demons (Pan)
  2 gargoyles
  9 komodo dragons
  A torpor snail (Spider:1)
  A black draconian zombie (Crypt:2)
  3 spriggan skeletons
  2 hellions
  3 efreet
  2 emperor scorpion zombies
  4 kobold demonologists
  3 guardian serpents
  2 dire elephant skeletons
  A shock serpent skeleton (Hell)
  18 freezing wraiths
  13 demonic crawlers
  A rime drake (Lair:5)
  2 hellwings (Pan)
  3 ancient zymes (Abyss:1)
  53 yaktaurs
  12 tormentors
  14 ice devils
  A harpy zombie (Coc:4)
  4 tengu conjurers
  12 red devils
  9 hydra zombies
  41 guardian mummies
  A polar bear (Lair:3)
  3 meliai (Spider:4)
  An elf skeleton (Zig:7)
  A polar bear (shapeshifter) (Vaults:1)
  7 trolls
  21 jumping spiders
  6 tyrant leeches
  A slime creature (shapeshifter) (Depths:5)
  A dream sheep (shapeshifter) (Vaults:5)
  2 harpy skeletons
  13 hornets
  7 blink frogs
  10 bog bodies
  6 hippogriffs
  4 raiju (Abyss:2)
  8 hydra skeletons
  3 fire dragon zombies (Crypt:3)
  A fire giant simulacrum (Zig:12)
  5 ettin zombies
  An ice dragon zombie (Coc:4)
  A spriggan zombie (Zig:7)
  112 slime creatures
  An iron dragon simulacrum (Coc:4)
  2 alligator zombies
  7 starcursed masses (Abyss:1)
  A centaur simulacrum (D:15)
  An ice dragon skeleton (Pan)
  A redback (shapeshifter) (Vaults:5)
  65 flying skulls
  A frost giant simulacrum (Vaults:3)
  3 shadows
  2 air elementals (Depths:5)
  An ettin skeleton (Pan)
  8 ynoxinuls
  A spriggan (shapeshifter) (Vaults:3)
  5 spriggans
  2 fire dragon skeletons
  8 wraiths
  5 wyverns
  36 yaks
  12 water elementals
  A tarantella (shapeshifter) (Vaults:2)
  An elf zombie (Zig:8)
  A vampire (D:15)
  53 redbacks
  24 tarantellas
  Eustachio (D:6)
  A black mamba skeleton (Pan)
  4 basilisks
  16 ushabtiu
  4 hungry ghosts
  17 chaos spawn
  15 neqoxecs
  8 fire elementals (Hell)
  A yaktaur simulacrum (Vaults:3)
  A swamp worm (shapeshifter) (Depths:2)
  7 vampire mosquitoes
  2 human zombies (Zig:8)
  2 nagas (Zig:11)
  14 wargs
  3 spatial vortices (Abyss:4)
  17 swamp worms
  An acid dragon (D:14)
  2 hell hounds
  7 water moccasins
  12 swamp drakes
  A floating eye (Pan)
  9 soldier ants (D:13)
  4 porcupines
  38 orc warriors
  2 sky beasts
  7 spiny frog zombies
  4 snapping turtle zombies
  4 spiny frog skeletons
  A phantom (Dis:4)
  A black bear (Lair:3)
  An eye of draining (shapeshifter) (Depths:2)
  7 ice beasts
  32 ogres
  21 boggarts
  2 manticore zombies (Coc:2)
  2 swamp dragon zombies
  2 necrophages
  5 eyes of draining
  13 centaurs
  12 wolves
  2 swamp dragon skeletons
  A snapping turtle skeleton (Coc:7)
  5 big kobolds
  7 crocodiles
  9 bullfrogs
  2 human skeletons (Vaults:3)
  An earth elemental (Zig:3)
  A wyvern skeleton (D:11)
  A scorpion (D:9)
  12 killer bees
  7 wights
  4 electric eels
  A raiju skeleton (Crypt:2)
  2 howler monkeys
  2 crimson imps
  5 quasits
  4 centaur zombies
  6 iron imps
  A bullfrog skeleton (D:3)
  4 small abominations
  Crazy Yiuf (D:7)
  27 orc priests
  4 centaur skeletons
  3 hounds
  An iguana (shapeshifter) (Vaults:2)
  28 orc wizards
  4 iguanas
  7 hell rats (Hell)
  33 worker ants
  A lightning spire (Zig:11)
  An ogre zombie (Hell)
  A felid zombie (Crypt:2)
  An acid dragon skeleton (Crypt:2)
  A tengu skeleton (Crypt:1)
  A hound skeleton (D:7)
  2 worker ant zombies
  35 mummies
  6 gnolls
  11 adders
  3 shadow imps
  13 white imps
  An ufetubus (Abyss:1)
  An ooze (D:2)
  A dart slug (D:1)
  3 worms
  5 leopard geckos
  106 orcs
  12 bats
  7 giant cockroaches
  9 hobgoblins
  8 jackals
  32 kobolds
  3 quokkas
  A frilled lizard zombie (Crypt:1)
  3 goblins
  A jackal zombie (D:6)
  7 rats
  5 fire vortices
  A lurking horror (Abyss:2)
  14 plants
  5 starspawn tentacles (Abyss:1)
  4 tentacles
2772 creatures vanquished.

Vanquished Creatures (collateral kills)
  3 greater mummies
  A Tzitzimitl (Pan)
  A tentacled monstrosity (Depths:2)
  An Executioner (Pan)
  3 acid blobs
  2 nagarajas
  A frost giant (Vaults:5)
  A fire giant (Vaults:5)
  2 iron dragons
  2 cacodemons (Pan)
  4 stone giants
  A very ugly thing (Depths:1)
  A lorocyproca (Pan)
  2 vampire knights
  A blizzard demon (Hell)
  A yaktaur captain (Vaults:2)
  A vault guard (Vaults:5)
  An ice dragon (Vaults:4)
  A naga warrior (Zig:11)
  2 monstrous demonspawn (Pan)
  2 death scarabs
  A two-headed ogre (Depths:2)
  A naga sharpshooter (Zig:11)
  A sun demon (Pan)
  An iron troll (Depths:4)
  A cherub (Zig:6)
  2 skeletal warriors
  A shadow demon (Pan)
  A phantasmal warrior (Vaults:1)
  A tengu zombie (Zig:8)
  An orc knight (Vaults:2)
  A golden dragon skeleton (Coc:4)
  A deep elf mage (Abyss:5)
  An oklob plant (Zig:6)
  A shining eye (Slime:1)
  An ugly thing (Vaults:2)
  A dire elephant zombie (Coc:6)
  A naga mage (Zig:11)
  A guardian mummy (Tomb:3)
  A hydra zombie (Coc:4)
  10 slime creatures
  2 flying skulls
  A water elemental (Hell)
  A neqoxec (Pan)
  A golden eye (shapeshifter) (Depths:2)
  A human zombie (Zig:8)
  An eye of draining (Slime:1)
  2 boggarts (Depths:2)
  An ogre (Vaults:1)
  A mummy (Zig:12)
  A white imp (Coc:7)
  3 orcs
  A kobold zombie (Crypt:3)
80 creatures vanquished.

Vanquished Creatures (others)
  An eldritch tentacle (Dis:4)
  A great orb of eyes (Vaults:2)
  6 death scarabs (Tomb:2)
  A hellwing (Pan)
  A flying skull (Coc:7)
  A black mamba skeleton (Tomb:2)
  A black mamba simulacrum (Hell)
  904 fire vortices
  5 fungi (Lair:6)
  A lurking horror (Abyss:4)
  5 plants
  11 starspawn tentacles
  18 tentacles
956 creatures vanquished.

Grand Total: 3808 creatures vanquished

Notes
Turn   | Place    | Note
-------+----------+-------------------------------------------
     0 | D:1      | 4thArraOfDagon the Barachi Fire Elementalist began the quest for the Orb.
     0 | D:1      | Reached XP level 1. HP: 13/13 MP: 3/3
   134 | D:1      | Reached XP level 2. HP: 19/19 MP: 1/5
   191 | D:2      | Found a shadowy altar of Dithmenos.
   225 | D:2      | Reached XP level 3. HP: 24/24 MP: 2/6
   230 | D:2      | Learned a level 3 spell: Conjure Flame
   442 | D:3      | Found a white marble altar of Elyvilon.
   516 | D:3      | Reached XP level 4. HP: 15/30 MP: 0/8
   533 | D:3      | Learned a level 4 spell: Sticky Flame
   692 | D:4      | Found Foxidd Wijyu's Antique Armour Shoppe.
   734 | D:4      | Got a crude quarterstaff
   736 | D:4      | Identified the +4 quarterstaff of Vodka {crush, rN+} (You found it on level 4 of the Dungeon)
   753 | D:4      | Got a polished rapier
   760 | D:4      | Identified the +5 rapier "Morag" {freeze, Int+3 Dex+2} (You found it on level 4 of the Dungeon)
   776 | D:4      | Found a hazy altar of Hepliaklqana.
   793 | D:5      | Entered Level 5 of the Dungeon
   793 | D:5      | Noticed an ogre
   920 | D:5      | Killed an ogre
   920 | D:5      | Reached skill level 5 in Fire Magic
   920 | D:5      | Reached XP level 5. HP: 35/35 MP: 0/9
   968 | D:5      | Found a staircase to the Ecumenical Temple.
  1017 | Temple   | Entered the Ecumenical Temple
  1030 | Temple   | Became a worshipper of Vehumet
  1099 | D:5      | Reached XP level 6. HP: 29/41 MP: 0/11
  1548 | D:2      | Found a blossoming altar of Fedhas.
  1762 | D:3      | Noticed a sky beast
  1771 | D:3      | Killed a sky beast
  1885 | D:2      | Reached * piety under Vehumet
  1885 | D:2      | Offered knowledge of Sting by Vehumet.
  2031 | D:4      | Bought a shiny helmet for 210 gold pieces
  2196 | D:5      | Reached XP level 7. HP: 37/46 MP: 12/12
  2287 | D:5      | Learned a level 5 spell: Fireball
  2311 | D:6      | Reached skill level 5 in Conjurations
  2365 | D:6      | Found an ornate altar of the Wu Jian Council.
  2378 | D:6      | Found a snail-covered altar of Cheibriados.
  2497 | D:6      | Noticed Eustachio
  2516 | D:6      | Killed Eustachio
  2516 | D:6      | Reached skill level 1 in Evocations
  2516 | D:6      | Reached XP level 8. HP: 48/52 MP: 14/14
  2616 | D:7      | Noticed a moth of wrath
  2619 | D:7      | Found a bloodstained altar of Trog.
  2659 | D:7      | Noticed a hippogriff
  2666 | D:7      | Reached ** piety under Vehumet
  2680 | D:7      | Killed a hippogriff
  2700 | D:7      | Got an ichor-stained whip
  2705 | D:7      | Identified the +11 whip of Discord {pain, Str-5 Int+8} (You found it on level 7 of the Dungeon)
  2713 | D:7      | Offered knowledge of Throw Frost by Vehumet.
  2835 | D:7      | Found Sil Egga's Weapon Emporium.
  2866 | D:7      | Found a runed door.
  2870 | D:7      | Noticed Crazy Yiuf
  2877 | D:7      | Killed Crazy Yiuf
  3131 | D:8      | Reached skill level 5 in Spellcasting
  3132 | D:8      | Offered knowledge of Ignite Poison by Vehumet.
  3212 | D:8      | Found a basalt altar of Yredelemnul.
  3229 | D:8      | Reached XP level 9. HP: 26/57 MP: 12/16
  3252 | D:8      | Reached *** piety under Vehumet
  3337 | D:8      | Learned a level 2 spell: Swiftness
  3485 | D:9      | Offered knowledge of Olgreb's Toxic Radiance by Vehumet.
  3527 | D:9      | Reached skill level 5 in Evocations
  3634 | D:9      | Noticed a two-headed ogre
  3694 | D:9      | Found a glowing silver altar of Zin.
  3763 | D:9      | Reached XP level 10. HP: 63/63 MP: 16/18
  3924 | D:9      | Found a shimmering altar of Xom.
  4007 | D:10     | Entered Level 10 of the Dungeon
  4110 | D:10     | Reached **** piety under Vehumet
  4110 | D:10     | Reached skill level 10 in Fire Magic
  4129 | D:10     | Killed a two-headed ogre
  4289 | D:10     | Found Temaull's Distillery.
  4301 | D:10     | Bought 2 potions of heal wounds for 140 gold pieces
  4301 | D:10     | Bought a potion of brilliance for 56 gold pieces
  4301 | D:10     | Bought a potion of brilliance for 56 gold pieces
  4301 | D:10     | Bought a potion of haste for 140 gold pieces
  4319 | D:10     | Offered knowledge of Iskenderun's Battlesphere by Vehumet.
  4319 | D:10     | Reached skill level 10 in Conjurations
  4393 | D:10     | Reached XP level 11. HP: 39/68 MP: 21/21
  4443 | D:10     | Learned a level 2 spell: Blink
  4448 | D:10     | Learned a level 4 spell: Passage of Golubria
  4476 | D:10     | Found a staircase to the Lair.
  4663 | D:11     | Reached skill level 10 in Evocations
  4663 | D:11     | Reached XP level 12. HP: 63/74 MP: 24/24
  4678 | D:11     | Got a scorched rapier
  4714 | D:11     | Reached ***** piety under Vehumet
  4757 | D:11     | Noticed a two-headed ogre
  4761 | D:11     | Killed a two-headed ogre
  4813 | D:11     | Offered knowledge of Orb of Destruction by Vehumet.
  5019 | D:11     | Learned a level 7 spell: Orb of Destruction
  5119 | D:12     | Found a staircase to the Orcish Mines.
  5289 | D:12     | Identified the +5 rapier "Iloselua" {venom, +Rage rElec rC+} (You found it on level 11 of the Dungeon)
  5405 | D:12     | Found Hathrad's Antique Armour Shop.
  5624 | D:13     | Noticed a queen ant
  5673 | D:13     | Noticed an entropy weaver
  5675 | D:13     | Noticed an entropy weaver
  5684 | D:13     | Killed an entropy weaver
  5684 | D:13     | Gained mutation: You can hop longer distances. [Barachi growth]
  5684 | D:13     | Reached XP level 13. HP: 47/79 MP: 15/26
  5687 | D:13     | Killed an entropy weaver
  5698 | D:13     | Reached skill level 10 in Spellcasting
  5855 | D:13     | Offered knowledge of Bolt of Magma by Vehumet.
  6421 | D:15     | Entered Level 15 of the Dungeon
  6526 | D:15     | Noticed an ogre mage
  6529 | D:15     | Killed an ogre mage
  6567 | D:15     | Reached XP level 14. HP: 52/85 MP: 13/28
  6757 | D:15     | Got a steaming jade ring
  6758 | D:15     | Identified the ring "Exkanaul" {Fire Str+2 Int+4} (You found it on level 15 of the Dungeon)
  6786 | D:15     | Reached skill level 15 in Conjurations
  6923 | D:15     | Noticed a dire elephant
  6932 | D:15     | Killed a dire elephant
  6941 | D:15     | Offered knowledge of Lee's Rapid Deconstruction by Vehumet.
  6991 | D:15     | Found a staircase to the Depths.
  7119 | D:14     | Identified a scroll of acquirement
  7126 | D:14     | Identified a +0 pair of boots of running (You acquired it on level 14 of the Dungeon)
  7192 | D:14     | Found a sacrificial altar of Ru.
  7285 | D:14     | Reached skill level 15 in Fire Magic
  7505 | Orc:1    | Entered Level 1 of the Orcish Mines
  7594 | Orc:1    | Noticed a stone giant
  7652 | Orc:1    | Killed a stone giant
  7791 | Orc:1    | BLOAX: how you doin
  7799 | Orc:1    | BLOAX: ??Barachi
  7802 | Orc:1    | beem: barachi[1/4]: New frog-like species in trunk. Has a Hop ability letting the player choose a spot up to 4 tiles away, landing them randomly in a 5x5 area. Range upgrades to 6 at XL13. Barachians have Slow 1 (move 1.2, faster than Na), are amphibious, and have average stats and apts (see barachian[2]). In addition, they have +1 LOS for a total of 8.
  7822 | Orc:1    | 4thArraOfDagon: yea
  7822 | Orc:1    | BLOAX: +1 LOS huh
  7822 | Orc:1    | 4thArraOfDagon: it perfectly stacks with veh I think
  7822 | Orc:1    | 4thArraOfDagon: hi btw
  7842 | Orc:1    | Found a roughly hewn altar of Beogh.
  7924 | Orc:1    | BLOAX: ??barachian[2]
  7924 | Orc:1    | beem: barachi[2/4]: http://i.imgur.com/cfacRyA.jpg
  7967 | Orc:2    | Entered Level 2 of the Orcish Mines
  7998 | Orc:2    | Noticed Sonja
  8000 | Orc:2    | Killed Sonja
  8013 | Orc:2    | Noticed kuniqs's ghost (journeyman DDFi)
  8017 | Orc:2    | Killed kuniqs's ghost
  8025 | Orc:2    | BLOAX: los+1 certainly makes them a bit more interesting
  8050 | Orc:1    | Found Picseudd's Book Emporium.
  8058 | Orc:1    | BLOAX: though it's still basically a Babby's First Chei race
  8116 | Orc:2    | Found a runed door.
  8145 | Orc:2    | Found a runed door.
  8177 | Orc:2    | 4thArraOfDagon: yea
  8177 | Orc:2    | 4thArraOfDagon: devs think that 1.2 movement recompensates +1 los and +1/2 on all apts rotfl
  8177 | Orc:2    | 4thArraOfDagon: actually this is one overpowered race
  8177 | Orc:2    | 4thArraOfDagon: oh, and free cblink
  8177 | Orc:2    | 4thArraOfDagon: hop
  8177 | Orc:2    | BLOAX: there's no such thing as overpowered :^)
  8177 | Orc:2    | 4thArraOfDagon: ^_^
  8188 | Orc:2    | BLOAX: only things that open up alternative playstyles
  8211 | Orc:2    | Noticed Maurice
  8224 | Orc:2    | Killed Maurice
  8340 | Orc:2    | Reached ****** piety under Vehumet
  8417 | Orc:2    | Noticed Saint Roka
  8427 | Orc:2    | Killed Saint Roka
  8427 | Orc:2    | Offered knowledge of Bolt of Fire by Vehumet.
  8427 | Orc:2    | Reached XP level 15. HP: 59/90 MP: 27/30
  8428 | Orc:2    | ROTFL
  8479 | Orc:2    | Learned a level 6 spell: Bolt of Fire
  8561 | Orc:2    | Found a staircase to the Elven Halls.
  8735 | Orc:2    | Found Qozxaq's Jewellery Shop.
  8735 | Orc:2    | Found Ugugat's Jewellery Shop.
  8735 | Orc:2    | Found Xusicepoc's Jewellery Shoppe.
  8735 | Orc:2    | Found Oroy's Food Shoppe.
  8749 | Orc:2    | Bought an uncursed ring of wizardry for 360 gold pieces
  8752 | Orc:2    | Bought the amulet "Sakhliump" {RegenMP rPois} for 741 gold pieces
  8798 | Orc:2    | BLOAX: oh hey look caster's amulet of You Can Do Lair Branches Now
  8798 | Orc:2    | BLOAX: convenient
  8922 | Lair:1   | Entered Level 1 of the Lair of Beasts
  9157 | Lair:2   | 4thArraOfDagon: spider is no so great :/
  9164 | Lair:2   | Found a hole to the Spider Nest.
  9194 | Lair:2   | BLOAX: well it was fine
  9203 | Lair:2   | BLOAX: and then it was, uh
  9211 | Lair:2   | BLOAX: "fixed"
  9247 | Lair:2   | BLOAX: with Interesting New Monsters
  9444 | Lair:5   | Found a staircase to the Slime Pits.
  9509 | Lair:5   | BLOAX: what the hell is this character tile though
  9543 | Lair:6   | Entered Level 6 of the Lair of Beasts
  9555 | Lair:6   | 4thArraOfDagon: this is
  9555 | Lair:6   | 4thArraOfDagon: umm
  9555 | Lair:6   | BLOAX: it looks like bowser with a ram head and a manticore tail
  9555 | Lair:6   | 4thArraOfDagon: peacekeeper
  9555 | Lair:6   | 4thArraOfDagon: a 'thing' from desolation of salt
  9581 | Lair:6   | Noticed Kite's ghost (journeyman MiBe)
  9589 | Lair:6   | Killed Kite's ghost
  9594 | Lair:6   | BLOAX: oh so it is a manticore
 10022 | Lair:6   | Got a transparent marble ring
 10031 | Lair:6   | Identified the ring of Guibor {MR+ Int+5} (You found it on level 6 of the Lair of Beasts)
 10065 | Lair:6   | BLOAX: mr+ int+5 ring PogChamp
 10103 | Lair:6   | Offered knowledge of Ozocubu's Refrigeration by Vehumet.
 10104 | Lair:6   | BLOAX: i thought only minotaurs found those
 10192 | Lair:6   | Reached XP level 16. HP: 89/96 MP: 30/32
 10200 | Lair:6   | 4thArraOfDagon: I feel clever!
 10516 | Lair:2   | Noticed nht's ghost (journeyman OpAs)
 10525 | Lair:2   | Killed nht's ghost
 10655 | Lair:3   | Noticed Fannar
 10659 | Lair:3   | Killed Fannar
 10878 | Lair:2   | Found a staircase to the Swamp.
 10888 | Swamp:1  | Entered Level 1 of the Swamp
 11044 | Swamp:2  | BLOAX: Not-Cloak of RMsl, how handy
 11065 | Swamp:2  | BLOAX: good thing you only have 12 EV : D
 11092 | Swamp:2  | BLOAX: Feels Distinctly Not ^Chei Man
 11161 | Swamp:4  | Entered Level 4 of the Swamp
 11178 | Swamp:4  | 4thArraOfDagon: meh
 11178 | Swamp:4  | 4thArraOfDagon: i wish i could convert
 11185 | Swamp:4  | Offered knowledge of Poison Arrow by Vehumet.
 11195 | Swamp:4  | BLOAX: well you can
 11197 | Swamp:4  | BLOAX: but then again
 11221 | Swamp:4  | BLOAX: you can also not do that and not die to randomly getting LCS'd from the heavens
 11531 | Swamp:4  | Noticed a thorn hunter
 11538 | Swamp:4  | Noticed a tentacled monstrosity
 11544 | Swamp:4  | Killed a tentacled monstrosity
 11559 | Swamp:4  | Killed a thorn hunter
 11633 | Swamp:4  | Noticed a thorn hunter
 11635 | Swamp:4  | Killed a thorn hunter
 11795 | Swamp:4  | Reached XP level 17. HP: 97/97 MP: 16/34
 11928 | Swamp:4  | Got a decaying rune of Zot
 11967 | Swamp:4  | Got a sheer robe
 11988 | Swamp:4  | Identified the cursed +1 robe of the Special Souls {rElec rC+ MR+ Slay+2} (You found it on level 4 of the Swamp)
 12190 | Spider:1 | Entered Level 1 of the Spider Nest
 12242 | Spider:1 | magipi: hey
 12279 | Spider:1 | BLOAX: hi
 12292 | Spider:1 | 4thArraOfDagon: hi
 12589 | Spider:1 | Offered knowledge of Bolt of Cold by Vehumet.
 12876 | Spider:4 | Entered Level 4 of the Spider Nest
 12894 | Spider:4 | Noticed Arachne
 12898 | Spider:4 | Killed Arachne
 13489 | Spider:4 | Noticed Louise
 13495 | Spider:4 | Killed Louise
 13496 | Spider:4 | Offered knowledge of Fire Storm by Vehumet.
 13496 | Spider:4 | Offered knowledge of Chain Lightning by Vehumet.
 13496 | Spider:4 | Offered knowledge of Ignition by Vehumet.
 13543 | Spider:4 | Reached XP level 18. HP: 103/103 MP: 16/36
 13556 | Spider:4 | BLOAX: every time i see a fancy shield randart i can't help but want to check it
 13557 | Spider:4 | Got a shimmering large shield
 13568 | Spider:4 | Learned a level 9 spell: Fire Storm
 13568 | Spider:4 | BLOAX: just in case it's the rf++ rc++ rElec regen randart of amazeballs
 13569 | Spider:4 | 4thArraOfDagon: knock knock style
 13610 | Spider:4 | BLOAX: hippity hoppity
 13611 | Spider:4 | BLOAX: get off my property
 13651 | Spider:4 | Got a gossamer rune of Zot
 13802 | Spider:1 | 4thArraOfDagon: bbl
 14014 | Slime:1  | Entered Level 1 of the Pits of Slime
 14093 | Slime:1  | Reached skill level 15 in Spellcasting
 14759 | Slime:4  | Gained mutation: Your magical capacity is low. (-10% MP) [a shining eye]
 14779 | Slime:5  | Entered Level 5 of the Pits of Slime
 14788 | Slime:5  | Reached XP level 19. HP: 108/108 MP: 17/36
 14929 | Slime:5  | Noticed the Royal Jelly
 15042 | Slime:5  | Killed the Royal Jelly
 15124 | Slime:5  | Got a distressingly furry robe
 15128 | Slime:5  | Got a slimy rune of Zot
 15148 | Slime:5  | Got a jewelled shield
 15161 | Slime:5  | Identified the Almanac of Feathery Contamination
 15180 | Slime:5  | Got a heavily runed ivory amulet
 15228 | Slime:5  | Identified the cursed +0 shield of Poor Excuses {rPois Str+2 Int-2} (You found it on level 5 of the Pits of Slime)
 15239 | Slime:5  | Identified the +10 large shield "Putzymm" {rElec Str+2 Int+3} (You took it off Louise on level 4 of the Spider Nest)
 15254 | Slime:5  | Identified the +2 robe of Zewah {rPois Str+4 Dex+2} (You found it on level 5 of the Pits of Slime)
 15269 | Slime:5  | Identified the amulet "Mufib" {Harm *Drain Str+7 Int-3} (You found it on level 5 of the Pits of Slime)
 15523 | D:13     | Found a gate to the Vaults.
 15528 | Vaults:1 | Entered Level 1 of the Vaults
 15541 | Vaults:1 | Found a glowing silver altar of Zin.
 15660 | Vaults:1 | Noticed a tentacled monstrosity
 15688 | Vaults:1 | You fall through a shaft!
 15826 | Vaults:2 | Reached skill level 1 in Shields
 15952 | Vaults:2 | Reached XP level 20. HP: 114/114 MP: 35/37
 15997 | Vaults:2 | Reached skill level 5 in Shields
 16036 | Vaults:2 | Gained mutation: You have large cloven feet. [mutagenic meat]
 16037 | Vaults:2 | Lost mutation: You have large cloven feet. [mutagenic meat]
 16038 | Vaults:2 | Gained mutation: You are weak. (Str -2) [mutagenic meat]
 16062 | Vaults:2 | Gained mutation: Scrolls take you a little longer to read. [mutagenic meat]
 16063 | Vaults:2 | Gained mutation: Armour fits poorly on your strangely shaped body. [mutagenic meat]
 16064 | Vaults:2 | Lost mutation: Scrolls take you a little longer to read. [potion of mutation]
 16064 | Vaults:2 | Lost mutation: You are weak. (Str -2) [potion of mutation]
 16064 | Vaults:2 | Gained mutation: You are clumsy. (Dex -2) [potion of mutation]
 16064 | Vaults:2 | Gained mutation: You possess an exceptional clarity of mind. [potion of mutation]
 16064 | Vaults:2 | Lost mutation: You possess an exceptional clarity of mind. [potion of mutation]
 16064 | Vaults:2 | Gained mutation: You have sharp toenails. [potion of mutation]
 16065 | Vaults:2 | Lost mutation: Your magical capacity is low. (-10% MP) [potion of mutation]
 16065 | Vaults:2 | Lost mutation: You have sharp toenails. [potion of mutation]
 16065 | Vaults:2 | Lost mutation: Armour fits poorly on your strangely shaped body. [potion of mutation]
 16065 | Vaults:2 | Lost mutation: You are clumsy. (Dex -2) [potion of mutation]
 16065 | Vaults:2 | Gained mutation: You are clumsy. (Dex -2) [potion of mutation]
 16065 | Vaults:2 | Gained mutation: You are robust. (+10% HP) [potion of mutation]
 16065 | Vaults:2 | Gained mutation: You are resistant to hostile enchantments. (MR+) [potion of mutation]
 16277 | Vaults:3 | Reached skill level 10 in Shields
 16990 | Vaults:4 | Reached XP level 21. HP: 131/131 MP: 41/43
 17215 | Vaults:4 | Reached skill level 1 in Fighting
 17297 | Vaults:5 | Entered Level 5 of the Vaults
 17304 | Vaults:5 | Reached skill level 15 in Shields
 17333 | Vaults:5 | Reached skill level 5 in Fighting
 17334 | Vaults:5 | Noticed a golden dragon
 17335 | Vaults:5 | Reached skill level 5 in Dodging
 17336 | Vaults:5 | Killed a golden dragon
 17393 | Vaults:5 | Reached XP level 22. HP: 114/162 MP: 36/44
 17401 | Vaults:5 | Learned a level 1 spell: Apportation
 17424 | Vaults:5 | Reached skill level 1 in Armour
 17522 | Vaults:5 | Noticed a golden dragon
 17530 | Vaults:5 | Killed a golden dragon
 17716 | Vaults:5 | Got a silver rune of Zot
 17813 | Vaults:5 | Identified the Catalogue of the Oath (You found it on level 5 of the Vaults)
 17827 | Vaults:5 | Got a faintly humming hat
 17892 | Vaults:5 | Identified the -1 hat of the Desert {Int+4} (You acquired it on level 5 of the Vaults)
 17916 | Vaults:5 | Identified the Volume of Enhancements and the Glacier
 18015 | Vaults:4 | Found Vuloj's General Store.
 18018 | Vaults:4 | Bought a scroll of identify for 28 gold pieces
 18096 | Vaults:4 | Reached skill level 1 in Translocations
 18136 | Vaults:2 | Found a staircase to the Crypt.
 18198 | Vaults:1 | Noticed Asterion
 18203 | Vaults:1 | Killed Asterion
 18265 | D:13     | :NO NECROMUT
 18377 | Depths:1 | Entered Level 1 of the Depths
 18385 | Depths:1 | Found a flickering gateway to a bazaar.
 18505 | Bazaar   | Entered a bazaar
 18505 | Bazaar   | Found Ukla's Armour Boutique.
 18505 | Bazaar   | Found Mackenn's Weapon Shop.
 18505 | Bazaar   | Found Noppit's Armour Shop.
 18601 | Depths:1 | Learned a level 2 spell: Passwall
 18603 | Depths:1 | Found a gateway to Hell.
 18687 | Depths:1 | Reached XP level 23. HP: 173/173 MP: 29/45
 18834 | Depths:2 | Found a gateway to a ziggurat.
 18838 | Zig:1    | Entered Level 1 of a ziggurat
 18878 | Zig:2    | Entered Level 2 of a ziggurat
 18900 | Zig:3    | Entered Level 3 of a ziggurat
 18918 | Zig:3    | Identified the ring "Bedarom" {rPois rF+ Int+4 Dex+2} (You found it on level 3 of a ziggurat)
 18934 | Zig:3    | Learned a level 8 spell: Necromutation
 18937 | Zig:4    | Entered Level 4 of a ziggurat
 18944 | Zig:4    | Reached skill level 1 in Necromancy
 18944 | Zig:4    | Reached skill level 1 in Transmutations
 18957 | Zig:5    | Entered Level 5 of a ziggurat
 19005 | Zig:6    | Entered Level 6 of a ziggurat
 19023 | Zig:6    | Identified Ompeklorph's Tome of Confrontation
 19031 | Zig:7    | Entered Level 7 of a ziggurat
 19081 | Zig:7    | Identified the Almanac of the Entourage and Transformation
 19087 | Zig:7    | Identified the ring of Eguohec {SInv Stlth+} (You found it on level 7 of a ziggurat)
 19092 | Zig:8    | Entered Level 8 of a ziggurat
 19118 | Zig:8    | Identified the ring "Vyocoeso" {*Tele rN+ SInv} (You found it on level 8 of a ziggurat)
 19119 | Zig:8    | Identified the amulet "Jomybrax" {+Rage MR+ Dex+3} (You found it on level 8 of a ziggurat)
 19123 | Zig:9    | Entered Level 9 of a ziggurat
 19126 | Zig:9    | Noticed a Killer Klown
 19129 | Zig:9    | Noticed Heavum the pandemonium lord
 19130 | Zig:9    | Noticed Jifuh the pandemonium lord
 19132 | Zig:9    | Killed a Killer Klown
 19133 | Zig:9    | Killed Heavum the pandemonium lord
 19133 | Zig:9    | Reached skill level 5 in Transmutations
 19137 | Zig:9    | Killed Jifuh the pandemonium lord
 19183 | Zig:9    | Identified the ring "Dedgheiss" {EV+5 Str+2 Int+3} (You found it on level 9 of a ziggurat)
 19186 | Zig:9    | Reached skill level 5 in Necromancy
 19186 | Zig:9    | Reached XP level 24. HP: 184/184 MP: 41/45
 19193 | Zig:10   | Entered Level 10 of a ziggurat
 19223 | Zig:10   | Identified the ring of Wiegyonn {rElec MR- EV+2 Str-3 Dex+10} (You found it on level 10 of a ziggurat)
 19229 | Zig:11   | Entered Level 11 of a ziggurat
 19281 | Zig:11   | Identified Sif Muna's Disquisition on the Lucky Mountains
 19289 | Zig:12   | Entered Level 12 of a ziggurat
 19304 | Zig:12   | Noticed a greater mummy
 19318 | Zig:12   | Noticed a greater mummy
 19318 | Zig:12   | Noticed a greater mummy
 19365 | Depths:2 | Reached XP level 25. HP: 54/190 MP: 38/45
 19499 | Depths:2 | Reached skill level 10 in Transmutations
 19795 | Depths:2 | Found Asiep's Jewellery Boutique.
 19798 | Depths:2 | Found Lufrint's Jewellery Boutique.
 19818 | Depths:2 | Found Irebim's Gadget Emporium.
 20099 | Depths:4 | Found a one-way gate leading to the halls of Pandemonium.
 20115 | Depths:4 | Found Oleffoqo's Antique Weapon Shoppe.
 20383 | Depths:4 | Reached skill level 10 in Necromancy
 20567 | Depths:5 | Entered Level 5 of the Depths
 20714 | Depths:3 | Reached XP level 26. HP: 153/198 MP: 38/45
 20908 | Depths:4 | Noticed Sojobo
 20911 | Depths:4 | Killed Sojobo
 20913 | Depths:4 | Found a one-way gate to the infinite horrors of the Abyss.
 21091 | Depths:1 | Learned a level 8 spell: Death's Door
 21316 | Crypt:1  | Entered Level 1 of the Crypt
 21324 | Crypt:1  | Noticed Donald
 21325 | Crypt:1  | Killed Donald
 21341 | Crypt:1  | You fall through a shaft!
 21436 | Crypt:3  | Entered Level 3 of the Crypt
 21644 | Crypt:3  | Identified the ring "Waefuhou" {+Inv rN+ Int+2} (You found it on level 3 of the Crypt)
 21645 | Crypt:3  | Identified the amulet "Siupter" {MR+ Regen+ Stlth+} (You found it on level 3 of the Crypt)
 21646 | Crypt:3  | Identified the ring of Xom's Absentmindedness {+Blink rN+} (You found it on level 3 of the Crypt)
 21815 | Crypt:3  | Noticed an ancient lich
 21818 | Crypt:3  | Killed an ancient lich
 21825 | Crypt:3  | Found an ancient bone altar of Kikubaaqudgha.
 22022 | Crypt:3  | Found a staircase to the Tomb.
 22032 | Tomb:1   | Entered Level 1 of the Tomb of the Ancients
 22214 | Tomb:1   | Noticed an ancient lich
 22236 | Tomb:1   | Killed an ancient lich
 22397 | Tomb:1   | Noticed a greater mummy
 22400 | Tomb:1   | Killed a greater mummy
 22501 | Tomb:1   | Reached XP level 27. HP: 195/195 MP: 37/46
 22690 | Tomb:1   | L
 22711 | Tomb:2   | Noticed Frederick
 22713 | Tomb:2   | Noticed a greater mummy
 22713 | Tomb:2   | Noticed Jory
 22713 | Tomb:2   | Noticed Jorgrun
 22713 | Tomb:2   | Noticed a greater mummy
 22713 | Tomb:2   | Noticed a greater mummy
 22896 | Tomb:3   | Entered Level 3 of the Tomb of the Ancients
 22911 | Tomb:3   | Noticed a greater mummy
 22911 | Tomb:3   | Reached skill level 15 in Transmutations
 22914 | Tomb:3   | Noticed a greater mummy
 22917 | Tomb:3   | Killed a greater mummy
 22920 | Tomb:3   | Killed a greater mummy
 22927 | Tomb:3   | Noticed a greater mummy
 22928 | Tomb:3   | Killed a greater mummy
 22930 | Tomb:3   | Noticed a greater mummy
 22932 | Tomb:3   | Killed a greater mummy
 22936 | Tomb:3   | Noticed a greater mummy
 22936 | Tomb:3   | Noticed a greater mummy
 22936 | Tomb:3   | Noticed a greater mummy
 22941 | Tomb:3   | Killed a greater mummy
 22944 | Tomb:3   | Noticed a greater mummy
 22957 | Tomb:3   | Noticed a greater mummy
 22994 | Tomb:3   | Identified the Collected Works on Vitriolic Flames
 22998 | Tomb:3   | Upgraded the game from 0.20-a0-1025-g4706f7e to 0.20-a0-1026-gc3ddcbd
 22998 | Tomb:3   | Identified the amulet of the Swan {Spirit Str+4 Dex-5 SInv Stlth+} (You found it on level 3 of the Tomb of the Ancients)
 22999 | Tomb:3   | Got a pair of heavily runed boots
 23017 | Tomb:3   | Identified the cursed +0 pair of boots of Chill Winds {Int+4 SInv} (You found it on level 3 of the Tomb of the Ancients)
 23020 | Tomb:3   | Got a scorched jade ring
 23022 | Tomb:3   | Identified the ring of Xom's Generosity {Wiz MP-9 Int+5} (You found it on level 3 of the Tomb of the Ancients)
 23023 | Tomb:3   | magipi: yo
 23047 | Tomb:3   | 4thArraOfDagon: hi
 23053 | Tomb:3   | magipi: is this the new tomb? no stairs?
 23055 | Tomb:3   | 4thArraOfDagon: yea
 23137 | Tomb:3   | Killed a greater mummy
 23267 | Tomb:3   | Killed a greater mummy
 23333 | Tomb:3   | Got a golden rune of Zot
 23338 | Tomb:3   | Killed a greater mummy
 23396 | Tomb:3   | Got a transparent granite ring
 23398 | Tomb:3   | Identified the ring of Oredwoth {*Tele Int+6 Dex-3} (You found it on level 3 of the Tomb of the Ancients)
 23418 | Tomb:3   | Killed a greater mummy
 23418 | Tomb:3   | Reached skill level 1 in Charms
 23468 | Tomb:3   | Learned a level 8 spell: Borgnjor's Revivification
 24137 | Pan      | Entered Pandemonium
 24137 | Pan      | Found an exit through the horrors of the Abyss.
 24465 | Pan      | Noticed Jolaots the pandemonium lord
 24490 | Pan      | Killed Jolaots the pandemonium lord
 24643 | Pan      | Reached skill level 5 in Charms
 24651 | Pan      | Noticed Onac the pandemonium lord
 24660 | Pan      | Killed Onac the pandemonium lord
 24743 | Pan      | Noticed Fuateqep the pandemonium lord
 24745 | Pan      | Killed Fuateqep the pandemonium lord
 24776 | Pan      | Noticed Mennas
 24781 | Pan      | Killed Mennas
 24812 | Pan      | magipi: pick up the holy weapon?
 24824 | Pan      | Got a demonic rune of Zot
 24831 | Depths:4 | Escaped Pandemonium
 24845 | Pan      | Entered Pandemonium
 24858 | Pan      | Entered the realm of Cerebov.
 24858 | Pan      | Noticed Cerebov
 24859 | Pan      | magipi: ugh
 24859 | Pan      | 4thArraOfDagon: lucky spawn
 24862 | Pan      | Got a fiery rune of Zot
 24888 | Pan      | Reached skill level 10 in Fighting
 24888 | Pan      | Reached skill level 15 in Necromancy
 24980 | Pan      | Reached skill level 15 in Evocations
 24984 | Pan      | Found an exit through the horrors of the Abyss.
 25058 | Pan      | Identified the cursed +1 robe "Esevu" {rN+ rCorr} (You found it in Pandemonium)
 25234 | Pan      | Entered the realm of Lom Lobon.
 25237 | Pan      | Noticed Lom Lobon
 25244 | Pan      | Got a magical rune of Zot
 25342 | Pan      | Entered the realm of Gloorx Vloq.
 25640 | Pan      | Found an exit through the horrors of the Abyss.
 25861 | Pan      | Reached skill level 10 in Charms
 25919 | Pan      | Noticed Gloorx Vloq
 25922 | Pan      | Killed Gloorx Vloq
 25945 | Pan      | Got a dark rune of Zot
 26043 | Pan      | magipi: only mnoleg is left?
 26049 | Pan      | Found an exit through the horrors of the Abyss.
 26082 | Pan      | 4thArraOfDagon: y
 26137 | Pan      | Found an exit through the horrors of the Abyss.
 26157 | Pan      | Entered the realm of Mnoleg.
 26159 | Pan      | 4thArraOfDagon: hre :)
 26160 | Pan      | magipi: hooray
 26164 | Pan      | magipi: this might be a short pan
 26209 | Pan      | Paralysed by a floating eye for 3 turns
 26224 | Pan      | 4thArraOfDagon: lags
 26248 | Pan      | 4thArraOfDagon: rotfl
 26248 | Pan      | 4thArraOfDagon: why so laggy
 26262 | Pan      | magipi: restart
 26280 | Pan      | Noticed Mnoleg
 26289 | Pan      | Killed Mnoleg
 26314 | Pan      | 4thArraOfDagon: again
 26334 | Pan      | Got a glowing rune of Zot
 26353 | Pan      | bttr
 26378 | Pan      | Found an exit through the horrors of the Abyss.
 26397 | Pan      | Took an exit into the Abyss.
 26397 | Abyss:1  | Escaped into the Abyss
 26400 | Abyss:1  | Identified the +1 pair of boots of the Journeyman {+Blink rCorr Stlth+} (You acquired it on level 1 of the Abyss)
 27159 | Abyss:4  | Found a burning altar of Makhleb.
 27173 | Abyss:4  | Gained mutation: You are weak. (Str -2) [a neqoxec]
 27174 | Abyss:4  | Found a corrupted altar of Lugonu.
 27176 | Abyss:4  | Got an abyssal rune of Zot
 27225 | Abyss:5  | Entered Level 5 of the Abyss
 27226 | Abyss:5  | Found a deep blue altar of Sif Muna.
 27247 | Abyss:5  | Found a deep blue altar of Sif Muna.
 27300 | Depths:4 | Escaped the Abyss
 27395 | Hell     | Entered the Vestibule of Hell
 27395 | Hell     | Noticed Geryon
 27458 | Hell     | Found a gateway to the freezing wastes of Cocytus.
 27638 | Hell     | Killed Geryon
 27684 | Coc:1    | Entered Level 1 of Cocytus
 27855 | Coc:2    | You fall through a shaft for 2 floors!
 27879 | Coc:4    | You fall through a shaft for 2 floors!
 27910 | Coc:7    | Entered Level 7 of Cocytus
 27930 | Coc:7    | Noticed the Serpent of Hell
 27938 | Coc:7    | Killed the Serpent of Hell
 27952 | Coc:7    | Reached skill level 5 in Stealth
 28079 | Hell     | Found a gateway to the ashen valley of Gehenna.
 28130 | Hell     | Found a gateway to the decaying netherworld of Tartarus.
 28758 | Coc:3    | Noticed an ancient lich
 28765 | Coc:3    | Killed an ancient lich
 29103 | Coc:4    | Reached skill level 10 in Stealth
 29103 | Coc:4    | Reached skill level 15 in Fighting
 29357 | Coc:7    | Noticed Antaeus
 29375 | Coc:7    | Killed Antaeus
 29417 | Coc:7    | Got an icy rune of Zot
 29462 | Hell     | Found a gateway to the Iron City of Dis.
 29484 | Dis:1    | Entered Level 1 of the Iron City of Dis
 29897 | Dis:7    | Entered Level 7 of the Iron City of Dis
 29951 | Dis:7    | HP: 11/231 [skeletal warrior/trident (14)]
 29952 | Dis:7    | Killed from afar by a war gargoyle

Vault maps used:
D:1:      dpeg_arrival_shelter
D:2:      overflow_temple_1_default, old_standard_altar, grunt_ministairs_9
D:3:      overflow_temple_1_default
D:4:      marbit_many_paths, serial_shops, shop, first_bread,
          serial_bayou_lagoon_b
D:5:      minmay_temple_entry_glassed_door
D:6:      kennysheep_mini, nicolae_overflow_crystal_walls, uniq_eustachio
D:7:      tgw_trog, serial_shops, kennysheep_mini_moat, uniq_crazy_yiuf_cottage
D:8:      lemuel_crystal_altar, minmay_misc_feat_columns, the_bakery,
          serial_bayou_crossing
D:9:      lemuel_zombie_altar_kikubaaqudgha, nicolae_overflow_hidden_temple
D:10:     lair_entry_dummy, serial_glass, glass_columns_b, glass_columns_b,
          glass_columns_a, glass_columns_a, glass_columns_b, glass_columns_b,
          glass_columns_a, glass_columns_a, serial_shops,
          nicolae_shop_competitors_out_of_business
D:12:     minmay_orc_entry_guard_dogs, serial_shops, shop
D:13:     hangedman_vaults_entry_quadrant_bands, minmay_another_anthill
D:14:     nicolae_ru_awakened_eye, hangedman_weighted_door
D:15:     hangedman_depths_entry_try_elsewhere_first
Temple:   corrupted_temple
Lair:1:   serial_bayou_pond_d, eino_small_chamber_without_monster,
          serial_bayou_shore_b
Lair:2:   nicolae_swamp_entry_splash_gauntlet, spider_nest_entry_webs,
          minivault_27
Lair:3:   grunt_forest_stairs_clearing, uniq_fannar
Lair:4:   grunt_megastairs_2, infiniplex_staircase_pool_2
Lair:5:   minmay_slime_entry_oklob_open
Lair:6:   due_jungle_book
Swamp:1:  hangedman_swamp_lotus, swamp_pool2, nicolae_swamp_baby_hydras
Swamp:2:  evilmike_swamp_ruin_house_1, swamp_pool1
Swamp:3:  evilmike_swamp_ruin_house_3
Swamp:4:  swamp_basic_johnstein
Spider:3: nicolae_spider_shape
Spider:4: spider_rune_water, uniq_arachne, uniq_louise
Slime:1:  cheibrodos_slime_lost_civilization_6
Orc:1:    serial_shops, shop, minmay_orc_temple_b
Orc:2:    grunt_orc_tribal_feast, chequers_guarded_unrand_ignorance,
          uniq_maurice, uniq_saint_roka, uniq_sonja
Vaults:1: grunt_tower_of_power, nicolae_vaults_what_the_h,
          ontoclasm_vaults_fault, nicolae_vaults_network_quinsquares,
          hangedman_vaults_impose, nicolae_vaults_network_quincunx,
          ontoclasm_vaults_tryst, ontoclasm_vaults_chip,
          grunt_vaults_hallway_short, nicolae_vaults_specimen_jars,
          hangedman_vaults_impose, basic_altar, uniq_asterion
Vaults:2: minmay_crypt_entry_simple_walls, vaults_mumra_minichess,
          vaults_room_grid, hangedman_vaults_maws, hangedman_vaults_restitches,
          nicolae_vaults_border_crossing, v_pattern_3, hangedman_vaults_trim
Vaults:3: vaults_room_pools, st_cross, nicolae_vaults_sealed_display,
          ontoclasm_vaults_chip, hangedman_vaults_stream,
          grunt_vaults_hallway_long, v_misc_26, v_alt_pattern_5, serial_ice_m,
          ontoclasm_vaults_twist, hangedman_vaults_locks
Vaults:4: nicolae_vaults_circle_grid_a, v_pattern_5, vaults_standard_mumra_x,
          vaults_room_fancy_cross, hangedman_vaults_variations, v_misc_24,
          ontoclasm_vaults_hangar, nicolae_vaults_little_squares_6,
          ontoclasm_vaults_decontamination, dpeg_vaults_monster_box,
          serial_shops, nicolae_shop_behind_doors, nicolae_shop_trees
Crypt:1:  uniq_donald
Crypt:2:  stair_cage_cross
Crypt:3:  cryptofortress_bobbens
Tomb:2:   uniq_frederick, uniq_jory, uniq_jorgrun
Depths:1: hell_entry, hangedman_decor_slide_cut, serial_shops,
          bzr_entry_lakeside, abyss_entry, minmay_misc_feat_square,
          chequers_big_river, evilmike_minifort
Depths:2: cheibrodos_spurs, enter_ziggurat_a, hell_entry, minmay_shop_grove
Depths:3: kennysheep_blocky_hall, special_room, grunt_pan_entry_in_and_out,
          hell_entry, st_stairs_14, minmay_staircase_windowed_small
Depths:4: cell_vault, pan_entry, hangedman_glass_teeth, abyss_entry,
          serial_shops, nicolae_shop_window_shopping,
          pf_vacation_house_of_asmodeus, uniq_sojobo
Depths:5: evilmike_zot_entry_basic, grunt_hell_entry_dis_mu,
          kennysheep_treasure_room
Dis:7:    dis_hangedman
Coc:7:    coc_dpeg
Abyss:3:  abyss_exit_lava, evilmike_abyss_exit_plants
Abyss:4:  hangedman_stitches_earthworm, hangedman_decor_points,
          evilmike_abyss_rune_elephants_shrine, evilmike_abyss_exit_smiterflies,
          hangedman_abyss_or_decor_jellyfish_corner
Abyss:5:  grunt_abyss_exit_deep_breaths, hangedman_summoners_spam
Pan:      nicolae_pan_hourglass, pan_blood_fountain_small, grunt_pan_in_and_out,
          rand_demon_9, pan_surprise, grunt_pan_spiral, rand_demon_3,
          uniq_mennas_pan, rand_demon_4, nicolae_pan_hourglass,
          evilmike_cerebov_lava, nicolae_pan_lom_lobonic_1, rand_demon_8,
          reaverb_pan_chaos_star, rand_demon_2, lom_lobon_spiral_st,
          pan_blood_fountain_small, nicolae_pan_glass_arcs, uniq_cerebov,
          uniq_lom_lobon, grunt_pan_in_and_out, pan_blood_fountain_small,
          regret_index_pan_draining_boxed, nicolae_pan_mnolegish_5,
          nicolae_pan_sigil_uleosi, evilmike_gloorx_vloq_box,
          pan_blood_fountain_small, pan_blood_fountain_2,
          evilmike_mini_pan_doors, pan_blood_fountain_2, evilmike_mini_pan_V,
          nicolae_pan_mnolegish_3, nicolae_pan_giant_door, uniq_cerebov, mnoleg,
          nicolae_pan_sick_transit
Zig:6:    ziggurat_pillar_centre_oklobs
Zig:8:    ziggurat_pillar_centre_dead_trees
Bazaar:   bazaar_outfitter

Skill      XL: |  1  2  3  4  5  6  7  8  9 10 11 12 13 14 15 16 17 18 19 20 21 22 23 24 25 26 27 |
---------------+----------------------------------------------------------------------------------+-----
Conjurations   | 2 3 4 5 7 8 10 11 13 14 16 17 18 19 20 | 20.8
Fire Magic     | 4 5 6 8 9 10 12 14 15 17 18 19 20 | 20.3
Spellcasting   | 3 4 5 6 8 9 10 11 12 13 14 17 18 19 21 | 21.2
Evocations     | 1 3 5 7 10 11 13 21 | 21.3
Shields        | 4 13 16 18 20 | 20.0
Fighting       | 7 8 15 | 15.9
Dodging        | 6 8 |  8.1
Armour         | 4 |  4.9
Translocations | 1 |  1.0
Necromancy     | 5 7 10 12 15 | 15.3
Transmutations | 6 9 12 14 16 | 16.1
Charms         | 13 | 13.1
Stealth        | 12 | 12.2

Action                   |  1- 3 |  4- 6 |  7- 9 | 10-12 | 13-15 | 16-18 | 19-21 | 22-24 | 25-27 || total
-------------------------+-------+-------+-------+-------+-------+-------+-------+-------+-------++-------
Melee: Mace              |    21 |       |       |       |       |       |       |       |       ||    21
       Short sword       |     5 |     2 |       |       |       |       |       |       |       ||     7
       Rapier            |       |    41 |    39 |    14 |       |       |       |       |       ||    94
       Whip              |       |       |    26 |    37 |     8 |       |       |       |     2 ||    73
       Staff             |       |       |       |       |    18 |     4 |     2 |       |     9 ||    33
 Cast: Flame Tongue      |    33 |    56 |   100 |    77 |    40 |       |       |       |       ||   306
       Conjure Flame     |     1 |     2 |    10 |    26 |    19 |     7 |     3 |       |       ||    68
       Sticky Flame      |       |     6 |    15 |    23 |    49 |    13 |     5 |     2 |    32 ||   145
       Fireball          |       |       |    12 |    75 |   282 |   125 |    18 |     3 |    10 ||   525
       Orb of Destructio |       |       |       |       |    50 |    43 |    15 |    34 |   431 ||   573
       Bolt of Fire      |       |       |       |       |    31 |   169 |    52 |    35 |   317 ||   604
       Fire Storm        |       |       |       |       |       |    30 |   120 |   112 |   325 ||   587
       Apportation       |       |       |       |       |       |       |       |    33 |    50 ||    83
       Necromutation     |       |       |       |       |       |       |       |     1 |    82 ||    83
       Blink             |       |       |       |       |       |       |       |       |     9 ||     9
       Passage of Golubr |       |       |       |       |       |       |       |       |     1 ||     1
 Abil: Hop               |     1 |     1 |     1 |     1 |     7 |     7 |     2 |     7 |    31 ||    58
       End Transformatio |       |       |       |       |       |       |       |     1 |     6 ||     7
Evoke: Staff of energy   |       |       |       |    59 |   180 |   264 |   171 |   181 |  1347 ||  2202
       Crystal ball of e |       |       |       |       |       |       |       |     1 |    50 ||    51
       Wand              |       |       |       |       |       |       |       |       |     2 ||     2
  Use: Potion            |     1 |       |       |     2 |     5 |     1 |     9 |     7 |     6 ||    31
       Scroll            |       |     3 |     8 |     8 |    11 |    13 |     5 |    22 |    36 ||   106
 Stab: Sleeping          |     2 |     2 |       |     1 |       |       |       |       |       ||     5
  Eat: Chunk             |       |     5 |     9 |    13 |    49 |    22 |    11 |       |     5 ||   114
       Royal jelly       |       |     1 |     1 |     4 |     1 |     1 |     2 |     4 |     2 ||    16
       Meat ration       |       |       |       |     1 |       |     3 |     2 |       |     3 ||     9
       Fruit             |       |       |       |       |     9 |       |       |     6 |     3 ||    18
       Bread ration      |       |       |       |       |       |     1 |     1 |       |     2 ||     4
Armor: Robe              |    14 |    12 |    24 |    17 |     2 |       |       |       |    37 ||   106
       Troll leather arm |       |       |       |       |    11 |    36 |    16 |    20 |   133 ||   216
Dodge: Dodged            |    32 |    41 |    62 |    50 |    52 |    44 |    24 |    44 |   212 ||   561
       Deflected         |       |       |       |       |       |     3 |     7 |    12 |    10 ||    32
Block: Large shield      |       |       |       |       |       |       |       |    21 |  1005 ||  1026
